Map: Lost and Found LE

Players

CalebAracous

  • Race: Zerg Zerg
  • Spawn Location: 1:00

DisK - Winner!

  • Race: Protoss Protoss
  • Spawn Location: 7:00

Event: WCS Montreal 2018

VOD

Have the link to the VOD?

Description

Time

  • Played on: Sept. 7, 2018, 12:47 p.m.
  • Length: 13:30

All games in this series

Show
View Real Time Build Order
Export as new Build Order

CalebAracous Zerg 

Build Orders: Hatch First, Lurkers 

Get SALT Encoding   

  12  0:00  Drone  
  13  0:12  Overlord  
  13  0:17  Drone  
  14  0:31  Drone x2  
  16  0:48  Hatchery  
  15  0:51  Drone  
  15  0:55  Drone  
  17  0:58  Drone  
  18  1:11  Extractor  
  17  1:14  Spawning Pool  
  16  1:18  Drone  
  16  1:24  Drone  
  18  1:30  Drone  
  19  1:45  Drone  
  20  1:52  Overlord  
  20  2:01  Queen x2  
  20  2:03  Zergling x4  
  26  2:11  Metabolic Boost  
  26  2:13  Drone x2  
  28  2:22  Drone x2  
  30  2:36  Hatchery  
  29  2:42  Queen  
  31  2:48  Overlord  
  31  2:52  Drone x2  
  31  2:57  Zergling x2  
  34  3:01  Overlord  
  34  3:04  Drone  
  34  3:05  Drone  
  34  3:16  Drone x4  
  37  3:25  Drone x4  
  41  3:34  Overlord  
  41  3:35  Drone  
  41  3:36  Spore Crawler  
  41  3:39  Spore Crawler  
  40  3:44  Overlord  
  40  3:49  Queen  
  40  3:53  Drone  
  40  3:54  Drone x2  
  45  3:59  Drone  
  45  4:00  Drone  
  47  4:03  Lair  
  47  4:06  Drone  
  47  4:09  Spore Crawler  
  47  4:14  Drone  
  47  4:15  Drone x3  
  51  4:20  Drone x3  
  51  4:21  Drone  
  55  4:25  Overlord  
  55  4:28  Drone x2  
  55  4:29  Drone  
  57  4:41  Drone x6  
  57  4:43  Extractor  
  57  4:44  Extractor  
  57  4:45  Extractor x2  
  59  4:49  Drone x2  
  61  4:57  Drone x2  
  61  4:59  Drone x2  
  65  5:00  Drone  
  65  5:01  Overlord  
  65  5:02  Hydralisk Den, Overlord x2  
  65  5:28  Overlord x3  
  65  5:31  Muscular Augments  
  65  5:43  Hydralisk x5  
  65  5:45  Zergling x16  
  83  5:56  Queen  
  82  5:57  Hydralisk  
  82  5:58  Hydralisk x3  
  90  6:09  Hydralisk x2  
  90  6:10  Hydralisk  
  96  6:24  Drone  
  96  6:25  Drone x7, Hatchery  
  104  6:28  Hydralisk x2  
  104  6:29  Hydralisk  
  107  6:43  Overlord  
  107  6:44  Overlord x3  
  107  6:46  Grooved Spines  
  104  6:55  Baneling Nest, Overlord  
  104  6:56  Evolution Chamber  
  104  7:01  Extractor  
  101  7:05  Drone x3  
  101  7:06  Drone x2  
  106  7:14  Drone x2  
  108  7:16  Drone x2  
  108  7:17  Drone  
  108  7:22  Drone  
  112  7:24  Zerg Melee Weapons Level 1  
  112  7:25  Hatchery, Zergling x2  
  112  7:26  Zergling x12  
  112  7:27  Zergling x2  
  118  7:35  Drone x2  
  112  7:45  Spore Crawler  
  112  7:47  Drone  
  112  7:49  Drone x3  
  111  8:00  Drone  
  111  8:01  Drone x11, Queen  
  111  8:03  Queen  
  127  8:20  Extractor, Drone x3  
  127  8:21  Drone x4  
  127  8:22  Overlord x3  
  127  8:23  Overlord x2  
  127  8:24  Drone  
  133  8:31  Centrifical Hooks  
  133  8:40  Baneling x16  
  133  8:42  Baneling  
  133  8:43  Baneling x5  
  133  8:47  Zergling x20  
  143  8:53  Overlord  
  143  8:57  Hydralisk x5  
  153  9:13  Overlord  
  153  9:14  Zergling x20  
  163  9:19  Baneling x19  
  163  9:24  Zerg Melee Weapons Level 2, Lurker Den  
  162  9:33  Baneling  
  162  9:34  Baneling x5  
  162  9:37  Baneling x15  
  162  9:38  Hydralisk x2  
  166  9:55  Overlord  
  159  10:00  Zergling x2  
  159  10:01  Zergling x42  
  179  10:11  Overlord  
  177  10:16  Infestation Pit, Drone, Spire  
  177  10:20  Extractor  
  175  10:24  Hydralisk  
  175  10:25  Hydralisk x3  
  183  10:34  Baneling x12  
  183  10:35  Hatchery  
  181  10:37  Zergling x2  
  181  10:38  Zergling x12  
  188  10:45  Zergling x2  
  188  10:46  Zergling x14  
  195  11:20  Lurker x3  
  195  11:21  Lurker x2  
  199  11:27  Hive  
  193  11:37  Overseer  
  193  11:38  Overseer x2  
  193  11:39  Pneumatized Carapace  
  145  12:02  Hydralisk x14  
  164  12:09  Zergling x64  
  179  12:23  Hydralisk x8  
  193  12:36  Baneling x25  
  173  12:51  Lurker x5  
  175  13:03  Hydralisk x5  
  166  13:07  Overseer  
Show
View Real Time Build Order
Export as new Build Order

DisK Protoss - Winner!

Build Orders: 1 Gate Expand, Oracle Opening, Phoenix Opening, Mass Phoenix 

Get SALT Encoding   

  12  0:00  Probe  
  13  0:12  Probe  
  14  0:19  Pylon  
  14  0:24  Probe  
  15  0:33  Probe  
  15  0:41  Probe  
  16  0:45  Gateway  
  16  0:47  Assimilator  
  17  0:51  Probe  
  18  0:59  Probe  
  19  1:07  Probe  
  20  1:25  Nexus  
  20  1:36  Cybernetics Core  
  20  1:39  Probe  
  21  1:44  Assimilator  
  21  1:51  Probe  
  22  1:54  Pylon  
  22  2:03  Probe  
  22  2:04  Adept  
  23  2:15  Probe  
  26  2:19  Stargate  
  26  2:24  Warp Gate  
  26  2:27  Probe  
  27  2:35  Adept  
  27  2:36  Probe  
  29  2:44  Probe  
  29  2:46  Probe  
  31  3:01  Probe x2  
  31  3:02  Phoenix  
  35  3:17  Probe  
  35  3:18  Probe  
  34  3:21  Gateway  
  34  3:24  Shield Battery  
  35  3:28  Probe, Oracle  
  35  3:29  Probe  
  35  3:32  Pylon  
  40  3:37  Probe  
  40  3:38  Assimilator  
  40  3:40  Assimilator  
  41  3:42  Probe  
  42  3:49  Probe  
  42  3:52  Stargate  
  42  3:54  Probe  
  44  4:01  Probe  
  45  4:05  Probe  
  45  4:08  Pylon  
  46  4:10  Phoenix, Probe  
  46  4:13  Probe  
  49  4:18  Probe  
  49  4:21  Probe  
  51  4:26  Adept x2  
  51  4:28  Probe  
  51  4:30  Pylon  
  57  4:32  Probe  
  57  4:38  Phoenix  
  60  4:49  Phoenix, Nexus  
  60  4:59  Probe  
  62  5:00  Probe  
  62  5:05  Pylon  
  63  5:09  Pylon  
  63  5:11  Probe  
  63  5:12  Probe  
  65  5:15  Phoenix  
  67  5:23  Probe  
  67  5:24  Sentry x2, Probe  
  67  5:26  Robotics Facility  
  73  5:29  Phoenix  
  75  5:35  Probe  
  75  5:37  Phoenix  
  75  5:38  Robotics Facility  
  76  5:43  Shield Battery  
  76  5:48  Probe  
  76  5:49  Phoenix  
  79  5:52  Probe  
  82  6:04  Adept x2  
  86  6:11  Shield Battery  
  86  6:13  Phoenix  
  86  6:16  Robotics Bay  
  88  6:19  Immortal  
  88  6:20  Probe x2, Forge  
  88  6:22  Probe  
  95  6:39  Adept x2  
  99  6:49  Pylon  
  99  6:50  Pylon x2  
  99  6:52  Pylon  
  99  6:57  Colossus, Assimilator  
  99  7:04  Colossus  
  109  7:09  Assimilator  
  111  7:16  Protoss Ground Weapons Level 1  
  111  7:17  Probe x3  
  111  7:22  Pylon  
  114  7:23  Pylon  
  114  7:26  Stalker x2  
  118  7:40  Probe x2  
  120  7:47  Gateway  
  120  7:48  Colossus  
  120  7:49  Gateway  
  120  7:51  Gateway  
  120  7:55  Twilight Council  
  120  7:57  Sentry x2  
  120  7:58  Gateway  
  120  8:00  Probe x3, Observer  
  129  8:12  Probe x3  
  133  8:18  Pylon  
  133  8:22  Pylon  
  133  8:23  Warp Prism  
  133  8:32  Nexus  
  133  8:33  Blink  
  135  8:36  Colossus  
  135  8:37  Pylon  
  135  8:38  Pylon  
  135  8:40  Sentry x2  
  145  8:50  Stalker  
  145  8:51  Stalker x2  
  151  9:03  Protoss Ground Weapons Level 2  
  151  9:09  Extended Thermal Lance, Stalker x3  
  157  9:18  Shield Battery  
  157  9:20  Stalker x2, Photon Cannon  
  157  9:21  Stalker, Photon Cannon  
  163  9:34  Zealot x3  
  169  9:50  Pylon  
  169  9:53  Probe  
  169  9:54  Probe x2  
  169  9:55  Probe  
  169  9:57  Stalker  
  169  9:58  Stalker x4  
  169  9:59  Stalker  
  181  10:17  Colossus  
  181  10:18  Immortal, Gateway  
  181  10:19  Assimilator  
  181  10:20  Gateway, Assimilator  
  181  10:23  Gateway  
  193  10:31  Zealot x2  
  193  10:32  Charge  
  191  10:35  Zealot x2  
  191  10:36  Zealot  
  197  10:49  Probe  
  199  10:50  Pylon, Probe x2  
  200  11:00  Observer Gravitic Boosters  
  200  11:35  Photon Cannon  
  200  11:36  Photon Cannon  
  200  11:39  Shield Battery  
  198  11:46  Nexus  
  180  11:55  Immortal  
  180  12:01  Observer  
  162  12:02  Zealot x2  
  162  12:03  Zealot x4  
  171  12:16  Pylon  
  171  12:21  Zealot x3  
  167  12:24  Zealot x3  
  157  12:39  Oracle  
  157  12:41  Robotics Facility  
  148  12:46  Robotics Facility  
  148  12:55  Pylon  
  113  13:28  Pylon  
Tags
 
Add a new tag
Caveats
  • Supply blocks, unpowered buildings, or Contaminate may cause inaccurate times.
  • Supply counts are checked every 10 seconds.